 Dungeon Crawl Stone Soup version 0.22-a0-42-g002c468 (webtiles) character file.

10178 KristoblXynda the Covert (level 11, 0/49 HPs)
             Began as a Spriggan Skald on Jan 5, 2018.
             Was an Initiate of Gozag.
             Succumbed to a hornet's poison
             ... while paralysed by a hornet
             ... on level 11 of the Dungeon.
             The game lasted 00:33:11 (12735 turns).

KristoblXynda the Covert (Spriggan Skald)          Turns: 12735, Time: 00:33:12

Health: 0/49       AC:  7    Str: 10    XL:     11   Next: 32%
Magic:  24/26      EV:  4    Int: 19    God:    Gozag
Gold:   1596       SH:  0    Dex: 16    Spells: 20/30 levels left

rFire    . . .     SeeInvis +   a - +3 dagger (flame)
rCold    + . .     Gourm    .   C - +1 buckler
rNeg     . . .     Faith    .   N - +2 robe {MR+}
rPois    .         Spirit   .   (helmet restricted)
rElec    .         Reflect  .   (no cloak)
rCorr    .         Harm     .   (gloves unavailable)
MR       ++...                  (boots unavailable)
Stlth    +++++.....             s - amulet of regeneration
HPRegen  0.56/turn              I - +5 ring of evasion
MPRegen  0.20/turn              J - ring "Ling" {+Fly Str+2 Int+4}

@: paralysed, lethally poisoned (0 -> -8), infused, slowed, very quick
A: very small, unfitting armour, horns 1, yellow scales 1, see invisible, cold
resistance 1, dopey 1, herbivore, speed 3, shaggy fur 1, slow metabolism 2
a: Potion Petition, Call Merchant, Bribe Branch, Renounce Religion, Evoke Flight


You were on level 11 of the Dungeon.
You worshipped Gozag.
Gozag was most pleased with you.
You were not hungry.

You visited 2 branches of the dungeon, and saw 12 of its levels.
You also visited: Sewer.

You collected 1717 gold pieces.
You paid 121 gold pieces to Gozag.

Inventory:

Hand Weapons
 a - a +3 dagger of flaming (weapon)
 H - a +1 dagger of freezing
 O - a +0 rapier of holy wrath
Armour
 C - a +1 buckler (worn)
 N - a +2 robe of magic resistance (worn)
Jewellery
 b - an uncursed amulet of harm {unknown}
 o - an uncursed ring of resist corrosion
 s - an amulet of regeneration (around neck)
 t - an uncursed ring of protection from fire
 v - the ring "Pymeaf" {Wiz rPois}
   (You found it on level 4 of the Dungeon)

   [ring of wizardry]

   It improves your spell success rate.
   It protects you from poison.
 I - a +5 ring of evasion (left hand)
 J - the ring "Ling" (right hand) {+Fly Str+2 Int+4}
   (You found it on level 8 of the Dungeon)

   [ring of flight]

   It affects your strength (+2).
   It affects your intelligence (+4).
   It lets you fly.
 K - an uncursed amulet of faith {unknown}
 L - an uncursed ring of protection from cold
Wands
 w - a wand of disintegration (7)
 M - a wand of digging (17)
Scrolls
 f - 4 scrolls of amnesia
 h - 2 scrolls of fog
 l - 4 scrolls of magic mapping
 m - 5 scrolls of blinking
 n - 2 scrolls of immolation
 p - 10 scrolls of teleportation
 r - 7 scrolls of remove curse
 A - a scroll of enchant armour
 G - a scroll of fear
 Q - 3 scrolls of identify
Potions
 e - 3 potions of brilliance
 g - 2 potions of resistance
 j - 3 potions of heal wounds
 k - 2 potions of magic
 q - 3 potions of haste
 u - 3 potions of invisibility
 x - 4 potions of curing
 z - a potion of cancellation
 B - a potion of flight
 E - a potion of agility
 P - a potion of might
Books
 c - a book of Battle

   Spells                             Type                      Level
   a - Infusion                       Charms                       1
   b - Shroud of Golubria             Charms/Translocation         2
   c - Song of Slaying                Charms                       2
   d - Spectral Weapon                Hexes/Charms                 3
   e - Regeneration                   Charms/Necromancy            3
 y - a book of Clouds

   Spells                             Type                      Level
   a - Poisonous Vapours              Poison/Air                   2
   b - Mephitic Cloud                 Conjuration/Poison/Air       3
   c - Conjure Flame                  Conjuration/Fire             3
   d - Freezing Cloud                 Conjuration/Ice/Air          6
   e - Ring of Flames                 Charms/Fire                  7
 D - a book of Maledictions

   Spells                             Type                      Level
   a - Corona                         Hexes                        1
   b - Ensorcelled Hibernation        Hexes/Ice                    2
   c - Confuse                        Hexes                        3
   d - Tukima's Dance                 Hexes                        3
   e - Dazzling Spray                 Conjuration/Hexes            3
 F - a book of Changes

   Spells                             Type                      Level
   a - Beastly Appendage              Transmutation                1
   b - Sticks to Snakes               Transmutation                2
   c - Spider Form                    Transmutation/Poison         3
   d - Ice Form                       Ice/Transmutation            4
   e - Blade Hands                    Transmutation                5
Miscellaneous
 i - a phial of floods (inert)
Comestibles
 d - 20 rations


   Skills:
 - Level 1.5 Fighting
 + Level 5.4 Short Blades
 + Level 9.2 Dodging
 - Level 10.3 Stealth
 + Level 2.6 Shields
 - Level 10.0 Spellcasting
 + Level 4.7 Conjurations
 - Level 10.1 Charms
 - Level 10.0 Evocations


You had 20 spell levels left.
You knew the following spells:

 Your Spells              Type           Power        Failure   Level  Hunger
a - Infusion              Chrm           ####         1%          1    None
b - Regeneration          Chrm/Necr      ####......   3%          3    None
c - Spectral Weapon       Hex/Chrm       ####....     3%          3    None
d - Mephitic Cloud        Conj/Pois/Air  ###.....     16%         3    None


Dungeon Overview and Level Annotations

Branches:
Dungeon (11/15)            Temple (1/1) D:6            Lair (0/6) D:9
    Orc (0/2) D:10

Altars:
Ashenzari
Cheibriados
Dithmenos
Elyvilon
Fedhas
Gozag
Kikubaaqudgha
Makhleb
Nemelex Xobeh
Okawaru
Qazlal
Ru
Sif Muna
Trog
Uskayaw
Vehumet
Wu Jian
Xom
Yredelemnul
Zin
The Shining One

Shops:
D:7 %   D:9 }


Innate Abilities, Weirdness & Mutations

You are very small and have problems with some larger weapons.
You are too small for most types of armour.
You have supernaturally acute eyesight. (SInv)
You are a herbivore.
You cover ground extremely quickly.
You need consume almost no food.
You have a pair of small horns on your head.
You are partially covered in yellow scales. (AC +2)
Your flesh is cold resistant. (rC+)
You are dopey. (Int -2)
You are covered in fur. (AC +1)


Message History

You block the hound's attack. The hornet stings you.
You are poisoned.
You feel as though you will be slow longer.
You miss the hornet.
The hornet is severely wounded.
You feel sick. The hound bites you but does no damage.
The hornet closely misses you.
You hit the hornet. You burn the hornet.
The hornet is severely wounded.
You feel yourself speed up.
You feel sick. You block the hound's attack. The hornet stings you!
* * * LOW HITPOINT WARNING * * *
You suddenly lose the ability to move!
The hound bites you.
* * * LOW HITPOINT WARNING * * *
The hornet stings you!
* * * LOW HITPOINT WARNING * * *
You are lethally poisoned!
You feel yourself slow down.
You die...
Your body crumbles into a pile of gold.

## .## ....## ## ..##
....###.# ##.##
....#...# ##.###
......... ##..##
##....?... ##..####
##.........
#......####...h....#
#...####......@y....#
#...## ###..........#
#...# #.........##
...# ##>......## ..#
###../..# ## ##...##
#.### #.#


You could see a hornet and a hound.

Vanquished Creatures
  2 two-headed ogres
  Erica (D:8)
  Sonja (D:10)
  Pikel (D:8)
  Psyche (D:8)
  A troll (D:9)
  Grinder (D:6)
  A hornet (D:7)
  Prince Ribbit (D:8)
  2 hippogriffs
  Sigmund (D:6)
  A wyvern (D:11)
  Grum (D:10)
  A water moccasin (D:10)
  A warg (D:10)
  4 slaves (D:8)
  2 phantoms
  A sky beast (D:9)
  9 orc warriors
  3 ogres
  3 wolves (D:10)
  2 centaurs
  3 bullfrogs
  A wyvern skeleton (D:6)
  2 scorpions (D:4)
  4 wights (D:7)
  6 howler monkeys
  2 crimson imps
  A bullfrog zombie (D:5)
  3 centaur zombies
  3 quasits
  9 orc priests
  3 bullfrog skeletons
  3 jellies
  A gnoll shaman (D:4)
  A centaur skeleton (D:6)
  4 hounds
  Ijyb (D:4)
  4 iguanas
  Natasha (thrice) (D:2)
  8 orc wizards
  8 worker ants
  A worker ant zombie (D:7)
  A hound skeleton (D:8)
  A howler monkey zombie (D:8)
  Robin (D:2)
  23 adders
  5 gnolls
  8 river rats (Sewer)
  5 shadow imps
  An ooze (Sewer)
  An adder zombie (D:5)
  An adder skeleton (D:4)
  3 worms
  3 dart slugs
  5 leopard geckos
  31 orcs
  12 ball pythons
  10 bats
  9 giant cockroaches
  22 goblins
  8 hobgoblins
  14 jackals
  3 kobolds
  3 quokkas
  6 frilled lizards
  3 quokka skeletons
  29 rats
320 creatures vanquished.

Vanquished Creatures (collateral kills)
  A manticore (D:11)
  A centaur zombie (D:11)
  A phantom (D:11)
  A howler monkey (D:11)
  An orc (D:11)
5 creatures vanquished.

Vanquished Creatures (others)
  An orc wizard (D:6)
1 creature vanquished.

Grand Total: 326 creatures vanquished

Notes
Turn   | Place    | Note
-------+----------+-------------------------------------------
     0 | D:1      | KristoblXynda the Spriggan Skald began the quest for the Orb.
     0 | D:1      | Reached XP level 1. HP: 10/10 MP: 5/5
   423 | D:1      | Reached XP level 2. HP: 10/14 MP: 6/6
  1004 | D:1      | Reached XP level 3. HP: 17/18 MP: 2/8
  1058 | D:1      | Learned a level 3 spell: Regeneration
  1062 | D:1      | Learned a level 3 spell: Spectral Weapon
  1219 | D:1      | Reached skill level 5 in Charms
  1943 | D:2      | Noticed Natasha
  1948 | D:2      | Killed Natasha
  1948 | D:2      | Reached XP level 4. HP: 22/22 MP: 5/10
  2132 | D:2      | Noticed Robin
  2348 | D:2      | Noticed Natasha
  2358 | D:2      | Killed Natasha
  2393 | D:2      | Killed Robin
  2393 | D:2      | Reached skill level 5 in Dodging
  2393 | D:2      | Reached XP level 5. HP: 14/25 MP: 6/11
  2411 | D:2      | Noticed Natasha
  2434 | D:2      | Killed Natasha
  2779 | D:3      | Gained mutation: You are resistant to electric shocks. (rElec) [potion of mutation]
  2779 | D:3      | Gained mutation: You are dopey. (Int -2) [potion of mutation]
  2779 | D:3      | Gained mutation: You are partially covered in thin metallic scales. (AC +2) [potion of mutation]
  2782 | D:3      | Reached skill level 1 in Stealth
  2788 | D:3      | Reached XP level 6. HP: 9/30 MP: 0/13
  3411 | D:3      | Found a glowing drain.
  3428 | Sewer    | Entered a sewer
  4990 | Sewer    | Reached skill level 5 in Spellcasting
  4990 | Sewer    | Reached XP level 7. HP: 29/33 MP: 10/15
  5798 | D:4      | Noticed Ijyb
  5818 | D:4      | Killed Ijyb
  5818 | D:4      | Reached skill level 5 in Short Blades
  5988 | D:4      | Noticed a two-headed ogre
  6077 | D:4      | Noticed a moth of wrath
  6112 | D:4      | Found a bloodstained altar of Trog.
  6119 | D:4      | Reached skill level 5 in Stealth
  6243 | D:4      | Got a clouded tin ring
  6514 | D:4      | Reached skill level 1 in Evocations
  6953 | D:5      | Entered Level 5 of the Dungeon
  7042 | D:5      | Reached XP level 8. HP: 37/37 MP: 14/18
  7812 | D:6      | Noticed Grinder
  7828 | D:6      | Killed Grinder
  8054 | D:6      | Lost mutation: You are partially covered in thin metallic scales. (AC +2) [potion of mutation]
  8054 | D:6      | Lost mutation: You are resistant to electric shocks. (rElec) [potion of mutation]
  8054 | D:6      | Gained mutation: Armour fits poorly on your strangely shaped body. [potion of mutation]
  8054 | D:6      | Gained mutation: You do not regenerate when monsters are visible. [potion of mutation]
  8054 | D:6      | Gained mutation: You are covered in fur. (AC +1) [potion of mutation]
  8107 | D:6      | Lost mutation: You do not regenerate when monsters are visible. [potion of mutation]
  8107 | D:6      | Lost mutation: Armour fits poorly on your strangely shaped body. [potion of mutation]
  8107 | D:6      | Gained mutation: Your flesh is cold resistant. (rC+) [potion of mutation]
  8107 | D:6      | Gained mutation: You have a pair of small horns on your head. [potion of mutation]
  8107 | D:6      | Gained mutation: You are partially covered in yellow scales. (AC +2) [potion of mutation]
  8132 | D:6      | Identified the ring "Pymeaf" {Wiz rPois} (You found it on level 4 of the Dungeon)
  8310 | D:6      | Noticed Sigmund
  8317 | D:6      | Killed Sigmund
  8322 | D:6      | Found a staircase to the Ecumenical Temple.
  8336 | Temple   | Entered the Ecumenical Temple
  8405 | Temple   | Became a worshipper of Gozag Ym Sagoz the Greedy
  8449 | D:6      | Reached skill level 5 in Evocations
  8449 | D:6      | Reached XP level 9. HP: 27/41 MP: 12/21
  8998 | D:7      | Reached skill level 10 in Charms
  9140 | D:7      | Learned a level 3 spell: Mephitic Cloud
  9456 | D:7      | HP: 2/41 [centaur zombie (3)]
  9508 | D:7      | Reached skill level 1 in Conjurations
  9839 | D:7      | Found Cozor's Food Shoppe.
  9981 | D:7      | Got a twisted war axe
 10244 | D:8      | Noticed Prince Ribbit
 10249 | D:8      | Killed Prince Ribbit
 10274 | D:8      | Got a slimy copper ring
 10275 | D:8      | Identified the ring "Ling" {+Fly Str+2 Int+4} (You found it on level 8 of the Dungeon)
 10410 | D:8      | Noticed a two-headed ogre
 10431 | D:8      | Killed a two-headed ogre
 10431 | D:8      | Reached skill level 10 in Stealth
 10431 | D:8      | Reached XP level 10. HP: 46/46 MP: 19/24
 10519 | D:8      | Noticed Pikel
 10545 | D:8      | Killed Pikel
 10745 | D:8      | Noticed Erica
 10750 | D:8      | Noticed Psyche
 10757 | D:8      | Killed Psyche
 10759 | D:8      | Killed Erica
 10862 | D:9      | Found Uqihonk's Gadget Boutique.
 11035 | D:9      | Reached skill level 10 in Spellcasting
 11157 | D:9      | Found a staircase to the Lair.
 11171 | D:9      | Noticed a two-headed ogre
 11189 | D:9      | Killed a two-headed ogre
 11189 | D:9      | Reached skill level 1 in Shields
 11383 | D:10     | Entered Level 10 of the Dungeon
 11635 | D:10     | Noticed Grum
 11660 | D:10     | Killed Grum
 11660 | D:10     | Reached XP level 11. HP: 49/49 MP: 18/26
 11829 | D:10     | Found a staircase to the Orcish Mines.
 11951 | D:10     | Noticed Sonja
 11956 | D:10     | Killed Sonja
 11956 | D:10     | Reached skill level 10 in Evocations
 12734 | D:11     | Paralysed by a hornet for 2 turns
 12734 | D:11     | HP: 2/49 [hornet (11)]
 12735 | D:11     | Succumbed to a hornet's poison

Vault maps used:
D:1:      evilmike_arrival_rings, minmay_split_cup_large
D:2:      uniq_robin, uniq_natasha
D:3:      first_ration, portal_sewer_entry_d, grunt_decor_cap
D:4:      tgw_trog, minmay_stone_trees_small, uniq_ijyb
D:6:      minmay_temple_entry_grid, kennysheep_boxes, uniq_sigmund, uniq_grinder
D:7:      serial_shops, nicolae_shop_crystal
D:8:      uniq_pikel, uniq_erica, uniq_psyche, uniq_prince_ribbit1
D:9:      lair_entry_dummy, serial_shops, nicolae_shop_stone
D:10:     david_orc_1_choice, uniq_grum, uniq_sonja
D:11:     grunt_ogre_cave, due_unseen_surprise
Temple:   compressed_dpeg_triangle_lava_temple
Sewer:    sewer_minmay_w

Skill      XL: |  1  2  3  4  5  6  7  8  9 10 11 |
---------------+----------------------------------+-----
Spellcasting   | 3 4 5 6 7 9 10 | 10.0
Dodging        | 4 5 8 9 |  9.2
Charms         | 5 6 8 9 10 | 10.1
Short Blades   | 3 4 5 |  5.4
Stealth        | 1 3 5 8 10 | 10.3
Evocations     | 1 5 7 9 10 | 10.0
Conjurations   | 2 4 |  4.7
Shields        | 1 2 |  2.6
Fighting       | |  1.5

Action                   |  1- 3 |  4- 6 |  7- 9 | 10-12 || total
-------------------------+-------+-------+-------+-------++-------
Melee: Short sword       |   142 |    11 |       |       ||   153
       Dagger            |       |   318 |   591 |   338 ||  1247
       Headbutt          |       |       |    40 |    44 ||    84
 Cast: Infusion          |    10 |    21 |    37 |    13 ||    81
       Regeneration      |       |     7 |     7 |       ||    14
Evoke: Wand              |       |       |    11 |     5 ||    16
       Phial of floods   |       |       |       |     1 ||     1
  Use: Scroll            |     1 |    10 |    15 |     2 ||    28
       Potion            |       |    11 |     4 |     1 ||    16
 Stab: Sleeping          |     2 |     1 |    21 |    12 ||    36
       Paralysed         |       |       |     1 |       ||     1
       Distracted        |       |       |     2 |     2 ||     4
  Eat: Ration            |       |     2 |     4 |     1 ||     7
Armor: Robe              |     9 |    34 |    45 |    13 ||   101
       Skin              |       |   115 |    38 |       ||   153
Dodge: Dodged            |   144 |   358 |   349 |   243 ||  1094
Block: Buckler           |       |       |       |    62 ||    62

Table legend:
 A = Spawn XP
 B = Non-spawn XP
 C = Spawn XP percentage of total XP
 D = Spawn monster count
 E = Non-spawn monster count
 F = Spawn count percentage of total count
 G = Total turns spent on level
                    A         B        C        D         E        F      G
               +---------+---------+-------+---------+---------+-------+---------
         Total |       0 |   14541 |   0.0 |       0 |     322 |   0.0 | 12735
               +---------+---------+-------+---------+---------+-------+---------
           D:1 |       0 |      47 |   0.0 |       0 |      26 |   0.0 |  1842
           D:2 |       0 |     216 |   0.0 |       0 |      42 |   0.0 |   866
           D:3 |       0 |     233 |   0.0 |       0 |      29 |   0.0 |   757
           D:4 |       0 |     415 |   0.0 |       0 |      25 |   0.0 |  1459
           D:5 |       0 |     497 |   0.0 |       0 |      14 |   0.0 |   867
           D:6 |       0 |    1123 |   0.0 |       0 |      20 |   0.0 |   857
           D:7 |       0 |    1382 |   0.0 |       0 |      35 |   0.0 |  1463
           D:8 |       0 |    3630 |   0.0 |       0 |      20 |   0.0 |   645
           D:9 |       0 |    1950 |   0.0 |       0 |      13 |   0.0 |   521
          D:10 |       0 |    3301 |   0.0 |       0 |      29 |   0.0 |  1003
          D:11 |       0 |    1314 |   0.0 |       0 |      21 |   0.0 |   349
         Sewer |       0 |     433 |   0.0 |       0 |      48 |   0.0 |  2029
               +---------+---------+-------+---------+---------+-------+---------
